 Dungeon Crawl Stone Soup version 0.29.0-11-gd7f09526c8 (webtiles) character file.

Game seed: 14765068842640492337

1758 sanka the Zephyrmancer (level 9, 4/54 HPs)
             Began as a Tengu Air Elementalist on Sept 3, 2022.
             Was an Initiate of Vehumet.
             Quit the game on level 6 of the Dungeon.
             The game lasted 00:11:17 (7918 turns).

sanka the Zephyrmancer (Tengu Air Elementalist)     Turns: 7918, Time: 00:11:18

Health: 4/54       AC:  3    Str:  9    XL:     9   Next: 6%
Magic:  11/13      EV: 17    Int: 20    God:    Vehumet [......]
Gold:   275        SH:  0    Dex: 14    Spells: 2/12 levels left

rFire   . . .      SeeInvis +   r - +1 spear (vamp)
rCold   . . .      Faith    .   (no shield)
rNeg    . . .      Spirit   .   w - +0 robe of Soft Rains {rPois}
rPois   +          Reflect  .   (helmet restricted)
rElec   .          Harm     .   y - +0 cloak
rCorr   .          Rampage  .   (no gloves)
Will    .....                   (boots unavailable)
Stlth   ++........              (no amulet)
HPRegen 0.18/turn               (no ring)
MPRegen 0.13/turn               h - ring of see invisible

@: flying quickly and evasively, quick
A: beak, talons 3, nimble flight
a: Renounce Religion


You were on level 6 of the Dungeon.
You worshipped Vehumet.
Vehumet was noncommittal.
You visited 2 branches of the dungeon, and saw 8 of its levels.

You collected 466 gold pieces.
You spent 191 gold pieces at shops.


Innate Abilities, Weirdness & Mutations

You have a beak for a mouth.
You have claws for feet.
Your magical nature lets you fly swiftly and evasively.


   Skills:
 + Level 5.1 Fighting
 + Level 6.1 Dodging
 - Level 2.0 Stealth
 - Level 2.0 Spellcasting
 - Level 7.0 Conjurations
 + Level 9.6 Air Magic


You had 2 spell levels left.
You knew the following spells:

 Your Spells              Type           Power      Damage    Failure   Level
s - Swiftness             Air            40%        N/A       1%          3
x - Airstrike             Air            20%        2d(3-19)  3%          4
z - Shock                 Conj/Air       100%       1d9       1%          1
Z - Static Discharge      Conj/Air       35%        3-8/arc   1%          2

Your spell library contained the following spells:

 Spells                   Type           Power      Damage    Failure   Level
 Necrotise                Necr           8%         1d4       16%         1
 Slow                     Hex            8%         N/A       16%         1
 Sublimation of Blood     Necr           2%         N/A       24%         2
 Wereblood                Tmut           2%         N/A       24%         2
 Confusing Touch          Hex            2%         N/A       43%         3
 Gell's Gravitas          Tloc           2%         N/A       43%         3
 Lesser Beckoning         Tloc           2%         N/A       43%         3
 Teleport Other           Tloc           2%         N/A       43%         3
 Vampiric Draining        Necr           2%         2d6       43%         3
 Agony                    Necr           2%         N/A       99%         5
 Summon Hydra             Summ           1%         N/A       100%        7

Inventory:

Hand Weapons
 r - a +1 vampiric spear (weapon)
 C - the +7 Spriggan's Knife {stab, EV+4 Stlth+}

   It is more effective when stabbing unaware enemies, sometimes treating them
   as though they were completely helpless.
   EV:        It affects your evasion (+4).
   Stlth:     It makes you more stealthy.
Armour
 w - the +0 robe of Soft Rains (worn) {rPois} rPois: It protects you from poison.
 y - a +0 cloak (worn)
Magical Staves
 x - a staff of conjuration {!a}
Jewellery
 h - a ring of see invisible (right hand)
 D - an amulet of guardian spirit
Wands
 B - a wand of paralysis (10)
Scrolls
 f - a scroll of enchant weapon {unknown}
 g - 6 scrolls of teleportation {@r4}
 i - 2 scrolls of amnesia
 j - a scroll of blinking
 k - 2 scrolls of fear
 l - 2 scrolls of vulnerability {unknown}
 n - 3 scrolls of brand weapon {unknown}
 p - 3 scrolls of butterflies {unknown}
 q - 4 scrolls of identify {@r1}
 s - 2 scrolls of noise {unknown}
 v - 5 scrolls of immolation {unknown}
Potions
 a - a potion of invisibility {unknown}
 b - 3 potions of magic
 c - a potion of brilliance {unknown}
 d - 2 potions of ambrosia {unknown}
 e - 8 potions of curing {unknown}
 m - a potion of heal wounds {unknown}
 o - a potion of flight {unknown}
 t - a potion of haste {unknown}
 u - 2 potions of resistance {unknown}
 z - a potion of degeneration {unknown}
 A - a potion of lignification {unknown}

Dungeon Overview and Level Annotations

Branches:
Dungeon (7/15)             Temple (1/1) D:6

Altars:
Ashenzari
Cheibriados
Dithmenos
Elyvilon
Hepliaklqana
Kikubaaqudgha
Makhleb
Nemelex Xobeh
Qazlal
Sif Muna
Trog
Uskayaw
Vehumet
Wu Jian
Xom
Yredelemnul
Zin

Shops:
D:1 ?   D:2 *   D:3 =**[(   D:4 *

Annotations:
Temple 2 transporters

▒▒▒▒▒..▒▒▒..▒▒▒.▒........▒......▒
......▒▒ ▒▒..............▒.....▒▒
......▒ ▒▒.▒▒▒.....▒▒........▒▒
▒▒▒...▒ ▒▒.▒▒..................
▒...▒▒ ▒▒...▒▒.................
▒▒...▒▒▒..▒.....▒▒...........▒.
▒▒...▒▒..▒▒▒..▒▒▒...<....▒▒▒..▒
▒▒▒..▒.....▒ ▒▒.▒▒............▒▒▒
....▒▒....▒▒ ▒..Q..........▒▒.▒▒▒
...▒▒▒▒....▒▒▒..▒▒▒▒...>....▒▒▒..
▒..▒ ▒........▒▒▒▒▒..........▒..
▒..▒ ▒...▒▒▒.▒▒▒▒.........▒....⌠
▒..▒ ▒▒..▒▒ ▒.............).▒....
..▒▒▒▒[...▒▒▒.....▒▒▒▒.▒▒▒▒...(..
...▒▒......▒....▒▒▒ ▒▒.▒ ▒▒.....
▒......▒..........▒▒▒.▒▒ ▒.....
▒.)...▒▒▒▒............▒ ▒▒.▒▒▒.


There were no monsters in sight!


Message History

You feel clever.
You feel clever.
Unknown command.
Unknown command.
You feel sick.
There is a fountain of clear blue water here.
You feel sick.
You feel sick.
You are no longer poisoned.
You see here a +0 chain mail.
There is a fountain of clear blue water here.
There is a stone staircase leading up here.
You fly upwards.
There is a stone staircase leading down here.
Saving game... please wait.
Options error: Bad object type '%' for autopickup. (~/.crawlrc:99) Options error: Bad monster_list_colour key: strict_neutral (~/.crawlrc:1386) Options error: Unknown monster: "worker ant:red B" (~/.crawlrc:1492) Options error: Unknown monster: "queen ant:lightgreen B" (~/.crawlrc:1493) Options error: Unknown monster: "soldier ant:white B" (~/.crawlrc:1494) Options error: Unknown monster: "blood saint:9" (~/.crawlrc:1526) Options error: Unknown monster: "warmonger:9" (~/.crawlrc:1527) Options error: Unknown monster: "corrupter:9" (~/.crawlrc:1528) Options error: Unknown monster: "black sun:9" (~/.crawlrc:1529) Options error: Unknown monster: "greater mummy:lightmagenta M" (~/.crawlrc:1535) Bad channel name for runrest: 'Jiyva says: Divide and consume' Welcome back, sanka the Tengu Air Elementalist.
Vehumet says: Let it end in hellfire!
Unknown command.
Are you sure you want to abandon this character and quit the game? (Confirm with "yes".)

Action                   |  1- 3 |  4- 6 |  7- 9 || total
-------------------------+-------+-------+-------++-------
Melee: Unarmed           |    14 |       |       ||    14
       Kick              |     7 |       |    14 ||    21
       Peck              |     4 |     2 |     5 ||    11
       Spear             |       |     5 |    73 ||    78
 Cast: Shock             |    75 |    97 |   121 ||   293
       Static Discharge  |       |     7 |    12 ||    19
       Airstrike         |       |       |     3 ||     3
  Use: Scroll            |     3 |       |       ||     3
       Potion            |       |       |     1 ||     1
 Stab: Sleeping          |       |       |     1 ||     1
Armor: Robe              |     1 |     2 |     6 ||     9
Dodge: Dodged            |    18 |     3 |    32 ||    53

Levels and vault maps discovered:
D:1:      spicycebolla_arrival_clurvy, layout_loops_ring, serial_shops,
          nicolae_square_shop, shapermc_ecumenical_altar_notcrosses
D:2:      layout_basic, serial_shops, shop, basic_altar, minmay_misc_feat_plants
D:3:      layout_rooms, makhleb_altar_promises_db, serial_shops,
          nicolae_shop_stone, shop, nicolae_shop_bloodbath_and_beyond, shop,
          nicolae_shop_waterfront, minmay_gold_behind_fungi
D:4:      layout_basic, serial_shops, nicolae_shop_hallway_plus
D:5:      layout_rooms, mainiacjoe_overflow_concentric_impassable
D:6:      layout_layer_cave, mainiacjoe_overflow_alcove_2, temple_fountains
D:7:      layout_basic, tso_metal_star, lemuel_crystal_altar, serial_demonic,
          serial_demonic_b, serial_demonic_f, serial_demonic_f,
          serial_demonic_f, grunt_ministairs_4, grunt_decor_fettered,
          minmay_manual_monolith
Temple:   hellmonk_temple_divided_pantheon

Notes
Turn   | Place    | Note
-------+----------+-------------------------------------------
     0 | D:1      | sanka the Tengu Air Elementalist began the quest for the
                  | Orb.
     0 | D:1      | Reached XP level 1. HP: 10/10 MP: 4/4
   169 | D:1      | Found a faded altar of an unknown god.
   175 | D:1      | Reached skill level 2 in Conjurations
   325 | D:1      | Reached XP level 2. HP: 15/15 MP: 0/6
   428 | D:1      | Reached skill level 3 in Conjurations
  1006 | D:1      | Learned a level 2 spell: Static Discharge
  1026 | D:1      | Found Peusissa's Magic Scroll Boutique.
  1031 | D:1      | Bought a scroll of identify for 20 gold pieces
  1031 | D:1      | Bought a scroll of fear for 40 gold pieces
  1230 | D:2      | Found Zaebaut's Assorted Antiques.
  1326 | D:2      | Reached XP level 3. HP: 19/19 MP: 5/7
  1381 | D:2      | Found a snail-covered altar of Cheibriados.
  1542 | D:2      | Reached skill level 4 in Conjurations
  2155 | D:2      | Reached XP level 4. HP: 23/24 MP: 4/8
  2785 | D:3      | Found Kuwentot's Assorted Antiques.
  2791 | D:3      | Found Ommet's Weapon Shoppe.
  2864 | D:3      | Found Ikhloqai's Antique Armour Emporium.
  2899 | D:3      | Found Tongapt's General Store.
  2943 | D:3      | Found a burning altar of Makhleb.
  2943 | D:3      | Noticed an Executioner
  2945 | D:3      | Reached skill level 5 in Conjurations
  2945 | D:3      | Reached skill level 5 in Air Magic
  2948 | D:3      | Noticed a neqoxec
  2948 | D:3      | Noticed a neqoxec
  3094 | D:3      | Bought a faintly glowing robe for 131 gold pieces
  3094 | D:3      | Identified the +0 robe of Soft Rains {rPois} (You bought it
                  | in a shop on level 3 of the Dungeon)
  3197 | D:3      | Found Cuqith's Jewellery Shop.
  3353 | D:4      | Found Biqoveech's Assorted Antiques.
  3437 | D:4      | Noticed a scorpion
  3443 | D:4      | Killed a scorpion
  3444 | D:4      | Gained mutation: Your magical nature lets you fly swiftly
                  | and evasively. [Tengu growth]
  3444 | D:4      | Reached XP level 5. HP: 21/28 MP: 1/9
  3798 | D:4      | HP: 2/28 [/static electricity (4)]
  3841 | D:4      | Reached skill level 6 in Conjurations
  3841 | D:4      | Reached skill level 6 in Air Magic
  3862 | D:4      | Reached XP level 6. HP: 8/32 MP: 4/10
  4571 | D:5      | Entered Level 5 of the Dungeon
  4602 | D:5      | Found a shadowy altar of Dithmenos.
  4623 | D:5      | Reached skill level 1 in Fighting
  4623 | D:5      | Reached skill level 7 in Conjurations
  4623 | D:5      | Reached skill level 7 in Air Magic
  4623 | D:5      | Reached XP level 7. HP: 38/38 MP: 1/11
  4693 | D:5      | Reached skill level 2 in Fighting
  4693 | D:5      | Reached skill level 3 in Dodging
  5161 | D:5      | Found the +7 Spriggan's Knife {stab, EV+4 Stlth+}
  5257 | D:5      | Learned a level 3 spell: Swiftness
  5262 | D:5      | Learned a level 4 spell: Airstrike
  5491 | D:5      | Reached skill level 4 in Dodging
  5632 | D:6      | Reached skill level 3 in Fighting
  5632 | D:6      | Reached skill level 8 in Air Magic
  5632 | D:6      | Reached XP level 8. HP: 46/46 MP: 7/12
  5766 | D:6      | Found a staircase to the Ecumenical Temple.
  5796 | Temple   | Entered the Ecumenical Temple
  5796 | Temple   | Found a transporter.
  5796 | Temple   | Found a transporter.
  5798 | Temple   | Found a transporter.
  5798 | Temple   | Found a transporter.
  5816 | Temple   | Became a worshipper of Vehumet
  6399 | D:6      | Reached skill level 4 in Fighting
  6399 | D:6      | Reached skill level 5 in Dodging
  6759 | D:6      | Reached skill level 9 in Air Magic
  6857 | D:6      | Found a broken altar of Ashenzari.
  7897 | D:7      | Noticed a hornet
  7907 | D:7      | Killed a hornet
  7908 | D:7      | Reached skill level 5 in Fighting
  7908 | D:7      | Reached skill level 6 in Dodging
  7908 | D:7      | Reached XP level 9. HP: 5/54 MP: 10/13
  7908 | D:7      | HP: 4/54 [poisoned by a hornet]
  7918 | D:6      | Quit the game

Vanquished Creatures
  A hornet (D:7)
  An orc warrior (D:6)
  A black bear (D:5)
  An ice beast (D:7)
  2 ogres
  A necrophage (D:6)
  A gnoll sergeant (D:6)
  5 scorpions
  3 jellies
  3 orc priests
  A hound (D:5)
  An iguana (D:4)
  3 orc wizards (D:6)
  22 gnolls
  6 adders
  A shadow imp (D:5)
  2 white imps
  2 ufetubi (D:5)
  A dart slug (D:4)
  2 worms
  11 orcs
  10 ball pythons
  2 bats (D:1)
  4 endoplasms
  6 giant cockroaches
  7 goblins
  4 hobgoblins
  2 jackals (D:4)
  5 kobolds
  A quokka (D:4)
  5 frilled lizards
  8 rats
125 creatures vanquished.

Vanquished Creatures (others)
  A fungus (D:3)
  4 toadstools (D:3)
5 creatures vanquished.

Grand Total: 130 creatures vanquished
